AoeStats
← strix.g

Oasis

509519624Analyzed
3v3 RM · 6d ago on Sep 27, 2026· 34m 57s· 6 players
Game mode
Random Map
Map size
Normal (6 player)
Population
200
Speed
Normal
Resources
Standard
Victory
Conquest
Starting age
Dark Age
Ending age
Imperial Age
RankedLock teamsTeams togetherTeam positionsShared explorationLock speedFull tech treeHidden civsTurbo modeCheats
Victory
Defeat
🇦🇷 Goths · Argentina
858
+29
🇺🇸 Inca · United States
850
+12
🇦🇷 Sicilians · Argentina
686
+18
🇨🇱 Spanish · Chile
805
-16
🇨🇱 Mongols · Chile
784
-15
🇨🇱 Khmer · Chile
656
-10
rolandito
0:38 Loom
9:57 Feudal Age
11:56 Wheelbarrow
16:40 Castle Age
14:33 Double-Bit Axe
17:42 Horse Collar
18:31 Scale Barding Armor
22:08 Stone Mining
22:50 Forging
23:14 Light Cavalry
26:06 Husbandry
26:35 Gold Mining
27:37 Hand Cart
27:09 Town Watch
29:00 Town Patrol
31:46 Heavy Plow
32:16 Bow Saw
32:28 Chain Barding Armor
32:24 Bloodlines
lucasso
7:08 Loom
10:21 Feudal Age
11:04 Double-Bit Axe
20:39 Castle Age
19:08 Forging
21:04 Bloodlines
23:02 Iron Casting
31:52 Scale Barding Armor
strix.g
0:30 Loom
14:33 Feudal Age
17:34 Double-Bit Axe
25:33 Padded Archer Armor
Maticoツ
4:20 Loom
10:52 Feudal Age
11:51 Double-Bit Axe
11:48 Horse Collar
18:46 Castle Age
19:11 Forging
19:06 Scale Barding Armor
22:12 Husbandry
elnano4cchi
3:29 Loom
11:18 Feudal Age
17:43 Forging
25:16 Castle Age
25:42 Scale Mail Armor
25:23 Horse Collar
25:31 Double-Bit Axe
26:08 Pikeman
27:14 Heavy Plow
29:13 Squires
29:52 Iron Casting
29:34 Chain Mail Armor
31:22 Gold Mining
31:24 Stone Mining
31:52 Bow Saw
34:15 Gold Shaft Mining
HONOS
1:55 Loom
10:34 Feudal Age
11:52 Wheelbarrow
11:08 Double-Bit Axe
11:19 Stone Mining
11:21 Horse Collar
20:53 Castle Age
20:06 Forging
20:21 Gold Mining
21:52 Caravan
21:57 Fletching
22:41 Arson
22:18 Champi Runner
22:59 Squires
23:32 Champi Warrior
26:42 Iron Casting
26:11 Bodkin Arrow
31:11 Town Watch
32:04 Andean Sling
32:39 Heavy Plow
Connection lost

Rejoining the realm…

Still unreachable

The connection could not be restored.

Session expired

The server has moved on; the page needs a fresh start.